[Event "2026 European Womens Championship"]
[Site "Batumi, GE"]
[Date "2026.05.29"]
[Round "5"]
[White "Muradyan, Anahit"]
[Black "Khairova, Evelina"]
[Result "1-0"]
[Board "128"]
[TimeControl "5400+30"]
[WhiteFideId "13314807"]
[BlackFideId "2845768"]
[WhiteElo "1977"]
[BlackElo "1880"]
[WhiteClock "1:27:18"]
[BlackClock "0:29:48"]
[Variant "Standard"]

1. Nf3 Nf6 2. d4 e6 3. c4 Bb4+ 4. Bd2 Qe7 5. Qb3 Bxd2+ 6. Nbxd2 d6 7. g3 b6 8. Bg2 Bb7 9. O-O Nbd7 10. Qc2 a5 11. e4 e5 12. d5 Nc5 13. Ne1 O-O 14. Nd3 Nxd3 15. Qxd3 Nh5 16. Qe2 g6 17. b3 Bc8 18. f4 Ng7 19. Rae1 Bd7 20. Qd3 f5 21. fxe5 fxe4 22. exd6 cxd6 23. Nxe4 Rxf1+ 24. Rxf1 Bf5 25. g4 Bxe4 26. Qxe4 Qxe4 27. Bxe4 Re8 28. Bf3 Re3 29. Kf2 Rc3 30. Re1 Kf7 31. Be4 Rh3 32. Rf1 Ke7 33. Kg2 Re3 34. Bf3 Rc3 35. Rf2 a4 36. Bd1 Rd3 37. Bc2 Rc3 38. Kf1 axb3 39. axb3 b5 40. cxb5 Rc5 41. Bd3 Ne8 42. b6 Rc8 43. Re2+ Kf8 44. Bb5 Nf6 45. b7 Rb8 46. Bc6 1-0

[Event "2026 European Womens Championship"]
[Site "Batumi, GE"]
[Date "2026.05.29"]
[Round "5"]
[White "Saltkhutsishvili, Sara"]
[Black "Recica, Jona"]
[Result "1-0"]
[Board "129"]
[TimeControl "5400+30"]
[WhiteFideId "13636995"]
[BlackFideId "22105239"]
[WhiteElo "1763"]
[BlackElo "1842"]
[WhiteClock "0:12:14"]
[BlackClock "0:17:18"]
[Variant "Standard"]

1. e4 e5 2. Nf3 Nc6 3. Bc4 Nf6 4. d3 Bc5 5. c3 d6 6. O-O a6 7. b4 Ba7 8. Nbd2 h6 9. h3 g5 10. d4 g4 11. hxg4 Nxg4 12. Qb3 Qf6 13. b5 axb5 14. Bxb5 Kd8 15. Nc4 Rg8 16. dxe5 Ncxe5 17. Ncxe5 Nxe5 18. Nxe5 Qg7 19. Nxf7+ Ke7 20. Ng5 hxg5 21. e5 Be6 22. exd6+ cxd6 23. Bc4 Qe5 24. Qxb7+ Bd7 25. Bxg8 Bxf2+ 26. Rxf2 Rxg8 27. Qf3 Be6 28. Re2 Qc5+ 29. Be3 Qb5 30. Rae1 g4 31. Qg3 Kd7 32. Rd2 Qc6 33. Red1 d5 34. Rc1 Qc4 35. Rb2 Qc7 36. Qxc7+ 1-0

[Event "2026 European Womens Championship"]
[Site "Batumi, GE"]
[Date "2026.05.29"]
[Round "5"]
[White "Casadevall Mainau, Iraida"]
[Black "Danielyan, Lilia"]
[Result "0-1"]
[Board "130"]
[TimeControl "5400+30"]
[WhiteFideId "54543142"]
[BlackFideId "13319841"]
[WhiteElo "1729"]
[BlackElo "1728"]
[WhiteClock "0:14:21"]
[BlackClock "1:30:30"]
[Variant "Standard"]

1. e4 c5 2. Nf3 Nc6 3. d4 cxd4 4. Nxd4 Nf6 5. Nc3 e5 6. Ndb5 d6 7. a4 a6 8. Na3 Be6 9. Bg5 Be7 10. Bc4 O-O 11. Bxf6 Bxf6 12. O-O Rc8 13. Nd5 Bg5 14. c3 g6 15. Qd3 Ne7 16. Rfd1 Nxd5 17. Bxd5 Bxd5 18. Qxd5 Rc6 19. Nc4 Qc7 20. b3 Rd8 21. Qa5 Rxc4 0-1

[Event "2026 European Womens Championship"]
[Site "Batumi, GE"]
[Date "2026.05.30"]
[Round "6"]
[White "Hnatyshyn, Anastasiia"]
[Black "Kiolbasa, Oliwia"]
[Result "1-0"]
[Board "49"]
[TimeControl "5400+30"]
[WhiteFideId "14198339"]
[BlackFideId "1154613"]
[WhiteElo "2207"]
[BlackElo "2397"]
[WhiteTitle "WFM"]
[BlackTitle "IM"]
[WhiteClock "0:03:34"]
[BlackClock "0:01:42"]
[Variant "Standard"]

1. e4 e5 2. Nf3 Nc6 3. d4 exd4 4. Nxd4 Bc5 5. Nb3 Bb4+ 6. c3 Be7 7. Bd3 d5 8. O-O Nf6 9. N1d2 O-O 10. Qe2 a5 11. e5 Ng4 12. f4 a4 13. Nd4 Bc5 14. N2f3 f6 15. e6 f5 16. h3 Nf6 17. Bxf5 g6 18. Bd3 Nh5 19. Kh2 Bd6 20. g3 Qf6 21. Bd2 Re8 22. Rae1 Nd8 23. Qg2 Nxe6 24. Nb5 Bf8 25. Ng5 c6 26. f5 Nxg5 27. Rxe8 gxf5 28. Bxg5 Qxg5 29. Nd6 Kg7 30. Nxc8 Nf6 31. Rxf5 Qh6 32. Rxf8 Kxf8 33. Nb6 Rd8 34. g4 Qe3 35. Rxf6+ Kg7 36. Rf3 Qxb6 37. Qg3 Re8 38. Qf4 1-0

[Event "2026 European Womens Championship"]
[Site "Batumi, GE"]
[Date "2026.05.30"]
[Round "6"]
[White "Fataliyeva, Ulviyya"]
[Black "Aydin, Gulenay"]
[Result "1-0"]
[Board "50"]
[TimeControl "5400+30"]
[WhiteFideId "13403052"]
[BlackFideId "34557431"]
[WhiteElo "2450"]
[BlackElo "2204"]
[WhiteTitle "IM"]
[BlackTitle "WIM"]
[WhiteClock "0:03:54"]
[BlackClock "0:01:23"]
[Variant "Standard"]

1. e4 c5 2. Nc3 a6 3. g3 b5 4. Bg2 Bb7 5. Nh3 e6 6. O-O b4 7. Na4 Nf6 8. d3 d5 9. Bg5 dxe4 10. Bxf6 gxf6 11. Qh5 Bd6 12. Nxc5 Qa5 13. Ng5 fxg5 14. Nxb7 Qc7 15. Nxd6+ Qxd6 16. Qxg5 Nd7 17. dxe4 Rc8 18. Rfd1 Qc5 19. Qd2 Ne5 20. Rac1 Nc4 21. Qd7+ Kf8 22. b3 Ne5 23. Qd4 Ke7 24. h3 a5 25. f4 Nd7 26. e5 Qxd4+ 27. Rxd4 Rc3 28. Kf2 Rhc8 29. Rd2 h5 30. Bf1 Nc5 31. Re1 Rg8 32. Bd3 Rd8 33. Re3 Rd4 34. h4 a4 35. bxa4 Ra3 36. Ke2 Rxa2 37. c3 Rxd2+ 38. Kxd2 bxc3+ 39. Kxc3 Rxa4 40. Be2 Ne4+ 41. Kb3 Nc5+ 42. Kc2 Ra2+ 43. Kb1 Rd2 44. Bxh5 f5 45. exf6+ Kxf6 46. Bg4 Rg2 47. Kc1 Rg1+ 48. Kc2 Kf7 49. Re5 Rg2+ 50. Kd1 Rg1+ 51. Ke2 Rc1 52. h5 Rc3 53. h6 Kg6 54. Bxe6 Na4 55. Bd7 Nc5 56. Bb5 Nb3 57. Re6+ Kh7 58. Rd6 Rxg3 59. Bd3+ Kh8 60. Rd8+ Rg8 61. Rxg8+ 1-0

[Event "2026 European Womens Championship"]
[Site "Batumi, GE"]
[Date "2026.05.30"]
[Round "6"]
[White "Ushenina, Anna"]
[Black "Rakhmangulova, Anastasiya"]
[Result "1/2-1/2"]
[Board "51"]
[TimeControl "5400+30"]
[WhiteFideId "14110911"]
[BlackFideId "14117479"]
[WhiteElo "2420"]
[BlackElo "2328"]
[WhiteTitle "GM"]
[BlackTitle "WGM"]
[WhiteClock "0:18:19"]
[BlackClock "0:27:37"]
[Variant "Standard"]

1. d4 Nf6 2. c4 g6 3. g3 Bg7 4. Bg2 d6 5. Nf3 O-O 6. O-O a6 7. Nc3 Nc6 8. h3 Rb8 9. e4 b5 10. d5 Na5 11. cxb5 axb5 12. b4 Nc4 13. Nd4 Bd7 14. a4 bxa4 15. b5 e6 16. Rxa4 exd5 17. exd5 Nb6 18. Rb4 Ra8 19. Nc6 Bxc6 20. dxc6 Ra1 21. Na4 Qb8 22. Nxb6 Qxb6 23. Qb3 Qa5 24. b6 cxb6 25. Rxb6 d5 26. Bf4 Rxf1+ 27. Bxf1 Ne4 28. Rb5 Qa7 29. Be3 Qc7 30. Rxd5 Qxc6 31. Bg2 Qc3 32. Qxc3 Nxc3 33. Rd7 h5 34. Bb7 Re8 35. Ba6 Bf6 36. Bc4 Re7 37. Rd3 Kg7 38. Kg2 Rc7 39. Bb3 Rb7 40. Bc4 Rc7 41. Ba6 Ne4 42. Rd5 Nc3 43. Rd6 Be5 44. Rd3 Bf6 45. Bf4 Ra7 46. Rd6 Nd5 47. Bd2 Be7 48. Rxd5 1/2-1/2

[Event "2026 European Womens Championship"]
[Site "Batumi, GE"]
[Date "2026.05.30"]
[Round "6"]
[White "Arabidze, Meri"]
[Black "Mirzoeva, Elmira"]
[Result "1-0"]
[Board "52"]
[TimeControl "5400+30"]
[WhiteFideId "13604040"]
[BlackFideId "4127951"]
[WhiteElo "2409"]
[BlackElo "2265"]
[WhiteTitle "IM"]
[BlackTitle "WGM"]
[WhiteClock "0:25:17"]
[BlackClock "0:27:32"]
[Variant "Standard"]

1. d4 d5 2. c4 c6 3. cxd5 cxd5 4. Nf3 Nc6 5. Nc3 Nf6 6. Bf4 a6 7. Rc1 g6 8. h3 Bg7 9. e3 O-O 10. Bd3 Bf5 11. Bxf5 gxf5 12. g4 Qb6 13. Qe2 e6 14. Ne5 Nxe5 15. Bxe5 Nd7 16. Bxg7 Kxg7 17. gxf5 Nf6 18. fxe6 Qxe6 19. Qf3 Kh8 20. Qf4 Rae8 21. Rg1 Rg8 22. Kd2 b5 23. a3 Nd7 24. Rg5 Nb6 25. Rcg1 Rg6 26. Kc1 Rxg5 27. Qxg5 Qg6 28. Rg3 Qxg5 29. Rxg5 Rc8 30. Kd2 Nc4+ 31. Kc2 Nb6 32. Kb3 Rd8 33. Kb4 f6 34. Rf5 Kg7 35. Kc5 Kg6 36. Rf3 Nc4 37. Nxd5 Nxb2 38. Rxf6+ Kg7 39. Rxa6 Nd3+ 40. Kxb5 Nxf2 41. Nf4 Re8 42. Re6 Rb8+ 43. Rb6 Re8 44. Nh5+ Kh8 45. a4 Ne4 46. a5 Nc3+ 47. Kc6 Re6+ 48. Kd7 Rg6 49. Rb8+ Rg8 50. Rxg8+ Kxg8 51. a6 Nb5 52. Kc6 Na7+ 53. Kb7 1-0

[Event "2026 European Womens Championship"]
[Site "Batumi, GE"]
[Date "2026.05.30"]
[Round "6"]
[White "Roebers, Eline"]
[Black "Unuk, Laura"]
[Result "1/2-1/2"]
[Board "53"]
[TimeControl "5400+30"]
[WhiteFideId "1058401"]
[BlackFideId "14609215"]
[WhiteElo "2389"]
[BlackElo "2289"]
[WhiteTitle "IM"]
[BlackTitle "IM"]
[WhiteClock "0:31:26"]
[BlackClock "0:31:10"]
[Variant "Standard"]

1. e4 c6 2. d4 d5 3. Nd2 dxe4 4. Nxe4 Nf6 5. Nxf6+ exf6 6. Be3 Bd6 7. Bd3 O-O 8. Ne2 Na6 9. a3 f5 10. O-O Nc7 11. c4 Re8 12. Qd2 h6 13. Rae1 Qf6 14. Ng3 Bd7 15. Bc2 Rad8 16. Qd3 g6 17. Qd2 c5 18. dxc5 Be5 19. Bf4 Bxf4 20. Qxf4 Ne6 21. Qxh6 Qxb2 22. Bxf5 Qg7 23. Qxg7+ Kxg7 24. Bxe6 Bxe6 25. Re4 Rc8 26. Rb1 Re7 27. Ne2 Rec7 28. g4 Rxc5 29. Rxb7 R8c7 30. Rxc7 Rxc7 31. Nf4 Bxc4 32. h4 a5 33. h5 a4 34. hxg6 fxg6 35. g5 Kf7 36. Kg2 Bb3 37. Rd4 Rc5 38. Nd3 Rxg5+ 39. Kf3 Rh5 40. Nb2 Rh1 41. Nxa4 Ra1 42. Nc5 Rxa3 43. Nxb3 Rxb3+ 44. Ke4 1/2-1/2

[Event "2026 European Womens Championship"]
[Site "Batumi, GE"]
[Date "2026.05.30"]
[Round "6"]
[White "Toncheva, Nadya"]
[Black "Vega Gutierrez, Sabrina"]
[Result "0-1"]
[Board "54"]
[TimeControl "5400+30"]
[WhiteFideId "2924056"]
[BlackFideId "2219026"]
[WhiteElo "2320"]
[BlackElo "2375"]
[WhiteTitle "WGM"]
[BlackTitle "IM"]
[WhiteClock "0:01:10"]
[BlackClock "0:03:35"]
[Variant "Standard"]

1. d4 d5 2. c4 e6 3. Nc3 Nf6 4. cxd5 exd5 5. Bg5 Be7 6. e3 c6 7. Bd3 Nbd7 8. h3 Nf8 9. Qc2 Ne6 10. Bh4 g6 11. Nge2 O-O 12. O-O Nh5 13. Bxe7 Qxe7 14. Rab1 a5 15. Na4 Nf6 16. Rfe1 Rd8 17. a3 Qf8 18. Nf4 Ng7 19. g4 Be6 20. f3 Nd7 21. Rbc1 Qd6 22. Qf2 Rac8 23. Qh4 Re8 24. Qh6 c5 25. h4 cxd4 26. exd4 Rxc1 27. Rxc1 Nf8 28. Kg2 Bd7 29. Nc3 Bc6 30. Rh1 Nge6 31. Nxe6 Qxe6 32. h5 Qf6 33. Ne2 Re7 34. hxg6 fxg6 35. g5 Qf7 36. Qh4 Re3 37. Nf4 Ne6 38. Bf5 Nxf4+ 39. Qxf4 Re8 40. Qh4 gxf5 41. g6 Qxg6+ 42. Kf2 Bb5 0-1

[Event "2026 European Womens Championship"]
[Site "Batumi, GE"]
[Date "2026.05.30"]
[Round "6"]
[White "Zherebtsova, Alexandra"]
[Black "Bivol, Alina"]
[Result "1/2-1/2"]
[Board "55"]
[TimeControl "5400+30"]
[WhiteFideId "24129518"]
[BlackFideId "4100123"]
[WhiteElo "2242"]
[BlackElo "2361"]
[WhiteTitle "FM"]
[BlackTitle "IM"]
[WhiteClock "0:00:39"]
[BlackClock "0:05:44"]
[Variant "Standard"]

1. d4 Nf6 2. c4 e6 3. Nc3 Bb4 4. f3 Ba5 5. e4 d5 6. e5 Nfd7 7. cxd5 exd5 8. f4 c5 9. Nf3 Nc6 10. Be3 cxd4 11. Nxd4 O-O 12. Be2 Nxd4 13. Bxd4 Qh4+ 14. g3 Qh3 15. Bf1 Qh6 16. Bg2 Nb6 17. O-O Qg6 18. Bc5 Bxc3 19. bxc3 Rd8 20. Qd4 Bf5 21. a4 Be4 22. a5 Bxg2 23. Kxg2 Nc4 24. f5 Qc6 25. f6 Re8 26. Be7 Qe6 27. Rae1 h6 28. Qh4 d4 29. cxd4 Nd2 30. Rf4 Qd5+ 31. Kf2 Rac8 32. e6 Rc2 33. exf7+ Qxf7 34. fxg7 Qxg7 35. Rg4 Ne4+ 36. Kf1 Nd2+ 37. Kg2 Ne4+ 38. Kf3 Rc3+ 39. Kg2 Rc2+ 40. Kf1 Nd2+ 1/2-1/2

[Event "2026 European Womens Championship"]
[Site "Batumi, GE"]
[Date "2026.05.30"]
[Round "6"]
[White "Pogorelskikh, Sofia"]
[Black "Narva, Mai"]
[Result "1/2-1/2"]
[Board "56"]
[TimeControl "5400+30"]
[WhiteFideId "44164548"]
[BlackFideId "4500512"]
[WhiteElo "2284"]
[BlackElo "2426"]
[WhiteTitle "WGM"]
[BlackTitle "IM"]
[WhiteClock "0:05:00"]
[BlackClock "0:21:18"]
[Variant "Standard"]

1. e4 c5 2. Nf3 d6 3. d4 cxd4 4. Nxd4 Nf6 5. Nc3 a6 6. Bc4 e6 7. Be3 Be7 8. Bb3 b5 9. a3 O-O 10. Qe2 Bb7 11. f3 Nbd7 12. O-O-O Rc8 13. Qe1 Ne5 14. g4 Nc4 15. Bxc4 Rxc4 16. g5 Nd7 17. h4 Re8 18. Kb1 Nf8 19. Qd2 Qc7 20. h5 b4 21. axb4 d5 22. Na2 e5 23. Nf5 d4 24. Bf2 Rc8 25. Rc1 Ne6 26. Rhg1 Bf8 27. g6 a5 28. Bh4 fxg6 29. hxg6 hxg6 30. Rxg6 Nf4 31. Rg4 Kf7 32. Be7 g6 33. Bxf8 Rxf8 34. Rh1 Ke8 35. Nh4 Rc6 36. bxa5 Bc8 37. Rg5 Rh8 38. Nb4 Rc5 39. Nd3 Nxd3 40. cxd3 Be6 41. Rxg6 Ba2+ 42. Kxa2 Rxa5+ 43. Kb1 Qa7 44. Kc2 Qc7+ 45. Kb1 Qa7 46. Kc2 Qc7+ 47. Kb1 1/2-1/2

[Event "2026 European Womens Championship"]
[Site "Batumi, GE"]
[Date "2026.05.30"]
[Round "6"]
[White "Hrebenshchykova, Yelyzaveta"]
[Black "Wagner, Dinara"]
[Result "1/2-1/2"]
[Board "57"]
[TimeControl "5400+30"]
[WhiteFideId "14159899"]
[BlackFideId "24157570"]
[WhiteElo "2309"]
[BlackElo "2408"]
[WhiteTitle "WGM"]
[BlackTitle "IM"]
[WhiteClock "0:29:58"]
[BlackClock "0:45:59"]
[Variant "Standard"]

1. e4 c5 2. Nf3 Nc6 3. d4 cxd4 4. Nxd4 Nf6 5. Nc3 e5 6. Ndb5 d6 7. Bg5 a6 8. Na3 b5 9. Nd5 Be7 10. Bxf6 Bxf6 11. c3 O-O 12. Nc2 Be6 13. a4 Ne7 14. Nce3 Bg5 15. Be2 Bxe3 16. Nxe3 d5 17. exd5 Nxd5 18. Nxd5 Qxd5 19. Qxd5 Bxd5 20. axb5 axb5 21. O-O Bc4 22. Bxc4 bxc4 23. Rae1 Rfb8 24. Rxe5 Rxb2 25. Rc5 Rc2 26. Rxc4 g6 27. h4 Ra3 28. g3 Raxc3 29. Rxc3 Rxc3 30. Kg2 h5 31. Ra1 Kg7 32. Ra6 1/2-1/2

[Event "2026 European Womens Championship"]
[Site "Batumi, GE"]
[Date "2026.05.30"]
[Round "6"]
[White "Salimova, Nurgyul"]
[Black "Khukhashvili, Sopiko"]
[Result "1-0"]
[Board "58"]
[TimeControl "5400+30"]
[WhiteFideId "2915138"]
[BlackFideId "13602055"]
[WhiteElo "2404"]
[BlackElo "2329"]
[WhiteTitle "IM"]
[BlackTitle "IM"]
[WhiteClock "0:02:20"]
[BlackClock "0:15:17"]
[Variant "Standard"]

1. c4 e5 2. Nc3 Bb4 3. Nd5 Be7 4. Nf3 Nc6 5. d4 d6 6. g3 e4 7. Nd2 f5 8. Nb1 Nf6 9. Nbc3 O-O 10. Bg2 Rf7 11. Nxe7+ Nxe7 12. d5 c6 13. dxc6 bxc6 14. O-O Be6 15. b3 d5 16. cxd5 Nexd5 17. Nxd5 Bxd5 18. Qd4 Qb6 19. Qc3 a5 20. Be3 Qb5 21. Rfe1 a4 22. Bd4 h6 23. b4 a3 24. e3 Ra4 25. Reb1 Bc4 26. Rc1 Qxb4 27. Qc2 Qa5 28. Bf1 Bxf1 29. Kxf1 f4 30. Qxc6 fxg3 31. hxg3 Rxd4 32. exd4 Qh5 33. Kg1 Rd7 34. Qe6+ Kh7 35. Rc5 Qf3 36. Qf5+ Qxf5 37. Rxf5 Rxd4 38. Ra5 Rd3 39. Re1 Kg6 40. Re3 Rd1+ 41. Kg2 Rd2 42. Raxa3 h5 43. Ra6 Kf5 44. Rb3 Nd5 45. Kf1 e3 46. fxe3 Ke4 47. Kg1 Rd1+ 48. Kf2 Rd2+ 49. Kg1 Rd1+ 50. Kg2 Rd2+ 51. Kh3 g5 52. Ra4+ Kf5 53. g4+ hxg4+ 54. Rxg4 Nf6 55. Rb5+ Ke6 56. Rgxg5 Rxa2 57. Rb6+ Ke7 58. Re5+ Kf7 59. Rf5 1-0

[Event "2026 European Womens Championship"]
[Site "Batumi, GE"]
[Date "2026.05.30"]
[Round "6"]
[White "Velikic, Adela"]
[Black "Badelka, Olga"]
[Result "0-1"]
[Board "59"]
[TimeControl "5400+30"]
[WhiteFideId "913553"]
[BlackFideId "13509926"]
[WhiteElo "2277"]
[BlackElo "2392"]
[WhiteTitle "WIM"]
[BlackTitle "IM"]
[WhiteClock "0:00:33"]
[BlackClock "0:33:06"]
[Variant "Standard"]

1. d4 Nf6 2. Nf3 e6 3. Bf4 h6 4. h3 b6 5. e3 Bb7 6. Bd3 Bd6 7. Bxd6 cxd6 8. Nbd2 d5 9. O-O O-O 10. Re1 d6 11. a4 Nc6 12. c3 e5 13. Bb5 e4 14. Nh2 a5 15. Ng4 Nh7 16. f3 Ne7 17. fxe4 dxe4 18. Qb3 Kh8 19. Nf2 f5 20. Bf1 Nd5 21. Nc4 Rf6 22. Qa3 Rg6 23. b4 axb4 24. cxb4 Qh4 25. Qb2 Ng5 26. Kh1 Qg3 27. Qe2 Nf3 0-1

[Event "2026 European Womens Championship"]
[Site "Batumi, GE"]
[Date "2026.05.30"]
[Round "6"]
[White "Kirtadze, Anastasia"]
[Black "Buksa, Nataliya"]
[Result "0-1"]
[Board "60"]
[TimeControl "5400+30"]
[WhiteFideId "13622714"]
[BlackFideId "14123622"]
[WhiteElo "2233"]
[BlackElo "2392"]
[WhiteTitle "WIM"]
[BlackTitle "IM"]
[WhiteClock "0:30:25"]
[BlackClock "0:33:52"]
[Variant "Standard"]

1. e4 e5 2. Nf3 Nc6 3. d4 exd4 4. Nxd4 Nf6 5. Nxc6 bxc6 6. Nd2 d6 7. g3 g6 8. Bg2 Bg7 9. O-O O-O 10. Nb3 Bd7 11. Na5 Qe8 12. Re1 Qe5 13. Nb3 Rfe8 14. c3 a5 15. Bf4 Qb5 16. a4 Qh5 17. f3 g5 18. Bd2 Qg6 19. g4 h5 20. h3 hxg4 21. hxg4 c5 22. c4 Nh7 23. Bc3 Bxc3 24. bxc3 Nf8 25. Nc1 Be6 26. Ne2 Qf6 27. Qd2 Bxc4 28. Ng3 Ng6 29. Bf1 Ne5 30. Bg2 Ng6 31. Bf1 Bxf1 32. Rxf1 Rab8 33. Nf5 Rb3 34. Rac1 Nf4 35. Qh2 Qh8 36. Qxh8+ Kxh8 37. Rc2 Reb8 38. Rh2+ Kg8 39. Ne7+ Kg7 40. Nc6 Ra8 41. Rc1 Ng6 42. Rh5 Rb6 43. Rxg5 Rxc6 44. f4 f6 0-1

[Event "2026 European Womens Championship"]
[Site "Batumi, GE"]
[Date "2026.05.30"]
[Round "6"]
[White "Kulon, Klaudia"]
[Black "Iglesias, Yosha"]
[Result "1-0"]
[Board "61"]
[TimeControl "5400+30"]
[WhiteFideId "1131044"]
[BlackFideId "637823"]
[WhiteElo "2377"]
[BlackElo "2325"]
[WhiteTitle "IM"]
[BlackTitle "FM"]
[WhiteClock "0:26:17"]
[BlackClock "0:01:44"]
[Variant "Standard"]

1. d4 d5 2. c4 c6 3. cxd5 cxd5 4. Nc3 Nf6 5. Nf3 Nc6 6. Bf4 a6 7. Ne5 Qb6 8. Nxc6 bxc6 9. a3 Qxb2 10. Na4 Qb5 11. f3 Qa5+ 12. Kf2 e6 13. Qc2 c5 14. Nxc5 Bxc5 15. Qxc5 Qxc5 16. dxc5 Bd7 17. Bd6 Bc6 18. Rb1 Nd7 19. e3 f6 20. Bd3 Kf7 21. h4 Rhc8 22. Bxh7 Bb5 23. h5 Nxc5 24. Bg6+ Kg8 25. h6 gxh6 26. Rxh6 Kg7 27. Rbh1 Nd3+ 28. Kg3 Rc6 29. Be7 Rc7 30. Rh7+ Kxg6 31. R1h6+ Kg5 32. Bxf6+ Kf5 33. Rxc7 1-0

[Event "2026 European Womens Championship"]
[Site "Batumi, GE"]
[Date "2026.05.30"]
[Round "6"]
[White "Mammadzada, Gunay"]
[Black "Krasteva, Beloslava"]
[Result "1/2-1/2"]
[Board "62"]
[TimeControl "5400+30"]
[WhiteFideId "13403729"]
[BlackFideId "2922029"]
[WhiteElo "2374"]
[BlackElo "2285"]
[WhiteTitle "IM"]
[BlackTitle "WGM"]
[WhiteClock "0:44:48"]
[BlackClock "0:25:23"]
[Variant "Standard"]

1. d4 d6 2. Nf3 Nf6 3. g3 g6 4. Bg2 Bg7 5. O-O O-O 6. Re1 Nbd7 7. e4 e5 8. Nc3 b6 9. a4 a5 10. dxe5 dxe5 11. b3 Bb7 12. Ba3 Re8 13. Nd2 Bf8 14. Bb2 Nc5 15. Nc4 Nfd7 16. Nd5 Ba6 17. Nde3 Bg7 18. Re2 Bh6 19. Ng4 Bg7 20. Nge3 Bh6 21. Ng4 Bg7 22. Nge3 Bh6 1/2-1/2

[Event "2026 European Womens Championship"]
[Site "Batumi, GE"]
[Date "2026.05.30"]
[Round "6"]
[White "Mkrtchyan, Mariam"]
[Black "Chernyak, Viktoria"]
[Result "1-0"]
[Board "63"]
[TimeControl "5400+30"]
[WhiteFideId "13310828"]
[BlackFideId "24165956"]
[WhiteElo "2365"]
[BlackElo "2191"]
[WhiteTitle "WGM"]
[BlackTitle "WGM"]
[WhiteClock "0:03:58"]
[BlackClock "0:01:33"]
[Variant "Standard"]

1. e4 c6 2. d4 d5 3. Nc3 dxe4 4. Nxe4 Bf5 5. Ng3 Bg6 6. h4 h6 7. Nf3 e6 8. Ne5 Bh7 9. Bd3 Bxd3 10. Qxd3 Nd7 11. Qe2 Ngf6 12. Bf4 Bb4+ 13. c3 Be7 14. O-O-O O-O 15. Kb1 a5 16. Bc1 a4 17. a3 Qc7 18. f4 c5 19. f5 Ra6 20. Rh3 cxd4 21. Nxd7 Qxd7 22. Rxd4 Rd6 23. fxe6 fxe6 24. Rxd6 Bxd6 25. Ne4 Nxe4 26. Qxe4 Rf1 27. Rd3 Qe7 28. g3 Kh8 29. Qxa4 Qc7 30. Qe8+ Rf8 31. Qxe6 Bxg3 32. Bxh6 Rf1+ 33. Kc2 Rf6 34. Qe8+ Kh7 35. Rd7 Rf2+ 36. Bd2 Qa5 37. Qe4+ Kh8 38. Rd5 Qa8 39. Rh5+ Kg8 40. Qc4+ Rf7 41. Rc5 1-0

[Event "2026 European Womens Championship"]
[Site "Batumi, GE"]
[Date "2026.05.30"]
[Round "6"]
[White "Kobak, Polina"]
[Black "Milliet, Sophie"]
[Result "1/2-1/2"]
[Board "64"]
[TimeControl "5400+30"]
[WhiteFideId "24269727"]
[BlackFideId "623725"]
[WhiteElo "1986"]
[BlackElo "2361"]
[WhiteTitle "WFM"]
[BlackTitle "IM"]
[WhiteClock "0:02:14"]
[BlackClock "0:10:27"]
[Variant "Standard"]

1. d4 Nf6 2. c4 e6 3. Nf3 Bb4+ 4. Nbd2 d5 5. Qa4+ Nc6 6. e3 a5 7. a3 Be7 8. Ne5 Bd7 9. Nxd7 Qxd7 10. cxd5 exd5 11. Bb5 O-O 12. Nf3 Bd6 13. O-O Rfe8 14. Bd2 Ne4 15. Rfc1 Re6 16. Bb4 Rg6 17. Bxd6 cxd6 18. Ne1 Rc8 19. Rc2 h5 20. Rac1 Rc7 21. f3 Ng5 22. Bxc6 bxc6 23. Qxa5 Qe7 24. Qd2 c5 25. b4 c4 26. a4 Qf6 27. b5 Nxf3+ 28. Nxf3 Qxf3 29. b6 Rb7 30. a5 h4 31. Rf1 Qe4 32. Rf4 Qe7 33. Rb2 h3 34. g3 Qd8 35. a6 Rxb6 36. Qa5 Qe7 37. Rxb6 Qxe3+ 38. Rf2 Qc1+ 39. Rf1 Qe3+ 40. Rf2 Qc1+ 41. Rf1 Qe3+ 42. Rf2 1/2-1/2

[Event "2026 European Womens Championship"]
[Site "Batumi, GE"]
[Date "2026.05.30"]
[Round "6"]
[White "Socko, Monika"]
[Black "Schneider, Jana"]
[Result "1/2-1/2"]
[Board "65"]
[TimeControl "5400+30"]
[WhiteFideId "1106619"]
[BlackFideId "12924997"]
[WhiteElo "2355"]
[BlackElo "2283"]
[WhiteTitle "GM"]
[BlackTitle "WGM"]
[WhiteClock "0:06:18"]
[BlackClock "0:04:15"]
[Variant "Standard"]

1. d4 d5 2. Nf3 Nf6 3. e3 e6 4. Bd3 c5 5. b3 Nc6 6. O-O b6 7. Bb2 Bb7 8. Nbd2 Bd6 9. dxc5 Bxc5 10. a3 a5 11. e4 dxe4 12. Nxe4 Nxe4 13. Bxe4 Qxd1 14. Raxd1 f6 15. Rfe1 Ke7 16. Nh4 Rhd8 17. Bxh7 g5 18. Nf3 Rxd1 19. Rxd1 g4 20. Ne1 f5 21. c4 Rd8 22. Rxd8 Nxd8 23. Bg6 Be4 24. Kf1 Bb1 25. Ke2 Ba2 26. Nd3 Bxb3 27. Nxc5 bxc5 28. Kd3 Nb7 29. h4 gxh3 30. gxh3 Nd6 31. h4 Bxc4+ 32. Ke3 Kf8 33. h5 Nf7 34. Kf4 Bd3 35. Ke3 Bb5 36. f4 Kg8 37. Kf3 Bc6+ 38. Kg3 Nh8 39. Kh4 Nxg6+ 40. hxg6 a4 41. Kg5 Bd5 42. Kf6 Bb3 43. Ke7 Bd5 44. Kd6 Bb3 45. Kxc5 1/2-1/2

[Event "2026 European Womens Championship"]
[Site "Batumi, GE"]
[Date "2026.05.30"]
[Round "6"]
[White "Jarocka, Liwia"]
[Black "Osmak, Yuliia"]
[Result "1-0"]
[Board "66"]
[TimeControl "5400+30"]
[WhiteFideId "21807558"]
[BlackFideId "14101602"]
[WhiteElo "2288"]
[BlackElo "2451"]
[WhiteTitle "FM"]
[BlackTitle "IM"]
[WhiteClock "0:14:09"]
[BlackClock "0:30:30"]
[Variant "Standard"]

1. e4 c5 2. Nc3 d6 3. d4 cxd4 4. Qxd4 Nc6 5. Qd2 g6 6. b3 Bh6 7. f4 f5 8. Bb2 Nf6 9. O-O-O fxe4 10. h3 O-O 11. Nge2 Be6 12. g4 Bg7 13. Bg2 Qa5 14. g5 Nh5 15. Kb1 Bf5 16. Rhf1 Rac8 17. a3 b5 18. Nxe4 Qxd2 19. Rxd2 b4 20. N4g3 Nxg3 21. Nxg3 Bxb2 22. Kxb2 Rc7 23. Nxf5 Rxf5 24. Be4 Rc5 25. Bd5+ Kg7 26. a4 Rc3 27. Re1 Kf8 28. h4 a5 29. h5 Nd8 30. hxg6 hxg6 31. Rh1 Ke8 32. Be4 Ne6 33. Bxg6+ Kf8 34. Rf2 Kg7 35. Bd3 Nc5 36. Bf5 Kg8 37. Rfh2 e6 1-0

[Event "2026 European Womens Championship"]
[Site "Batumi, GE"]
[Date "2026.05.30"]
[Round "6"]
[White "Javakhishvili, Lela"]
[Black "Rapport, Jovana"]
[Result "1-0"]
[Board "67"]
[TimeControl "5400+30"]
[WhiteFideId "13601458"]
[BlackFideId "937266"]
[WhiteElo "2442"]
[BlackElo "2235"]
[WhiteTitle "IM"]
[BlackTitle "WGM"]
[WhiteClock "0:36:30"]
[BlackClock "0:32:27"]
[Variant "Standard"]

1. d4 Nf6 2. c4 g6 3. Nc3 Bg7 4. e4 d6 5. Nf3 O-O 6. Be2 e5 7. O-O Na6 8. Re1 c6 9. Be3 Ng4 10. Bg5 f6 11. Bh4 Nh6 12. c5 exd4 13. Bxa6 bxa6 14. Nxd4 Qd7 15. cxd6 Nf7 16. Bg3 Nxd6 17. Qb3+ Rf7 18. Rad1 Ne8 19. Na4 Bf8 20. Qc4 Bb7 21. Ne6 Qe7 22. Nac5 Bc8 23. Nxf8 Kxf8 24. b4 Kg7 25. e5 f5 26. e6 Rf8 27. Nd7 1-0